Map: Neon Violet Square LE

Players

PtitDrogo - Winner!

  • Race: Protoss Protoss
  • Spawn Location: 5:00

Arctur

  • Race: Terran Terran
  • Spawn Location: 11:00

Event: WCS Leipzig 2018

VOD

Have the link to the VOD?

Description

Time

  • Played on: Jan. 26, 2018, 9:23 a.m.
  • Length: 10:17

All games in this series

Show
View Real Time Build Order
Export as new Build Order

PtitDrogo Protoss - Winner!

Build Orders: 1 Gate Expand, Oracle Opening, Archon Immortal, Zealot Archon 

Get SALT Encoding   

  12  0:00  Probe  
  13  0:12  Probe  
  14  0:20  Pylon  
  14  0:24  Probe  
  15  0:38  Probe (Chrono Boost), Gateway  
  16  0:47  Probe (Chrono Boost), Assimilator  
  17  0:52  Probe  
  18  1:04  Probe  
  19  1:23  Nexus  
  19  1:26  Probe  
  20  1:35  Cybernetics Core  
  20  1:38  Probe  
  21  1:43  Assimilator  
  21  1:50  Probe  
  22  1:55  Pylon  
  22  2:03  Probe  
  23  2:10  Stalker (Chrono Boost)  
  23  2:15  Probe  
  26  2:21  Stargate  
  26  2:27  Probe  
  27  2:33  Stalker  
  27  2:36  Probe (Chrono Boost)  
  30  2:39  Warp Gate  
  30  2:42  Probe (Chrono Boost)  
  31  2:48  Probe (Chrono Boost)  
  33  2:51  Probe (Chrono Boost)  
  33  2:53  Probe (Chrono Boost)  
  33  2:56  Probe (Chrono Boost)  
  34  3:02  Probe  
  34  3:05  Oracle (Chrono Boost)  
  36  3:08  Probe  
  36  3:12  Zealot  
  42  3:15  Pylon  
  42  3:17  Probe  
  43  3:22  Probe  
  44  3:30  Probe  
  45  3:34  Probe  
  45  3:36  Oracle (Chrono Boost)  
  45  3:39  Pylon  
  49  3:42  Probe  
  49  3:47  Probe  
  51  3:53  Gateway  
  51  3:54  Probe  
  52  3:56  Gateway  
  52  4:12  Probe x2, Nexus  
  52  4:16  Pylon  
  54  4:18  Assimilator  
  54  4:20  Assimilator  
  54  4:25  Twilight Council  
  54  4:28  Forge  
  54  4:31  Probe  
  55  4:32  Probe  
  56  4:43  Probe  
  56  4:44  Probe  
  58  4:46  Protoss Ground Weapons Level 1 (Chrono Boost)  
  58  4:49  Charge (Chrono Boost)  
  58  4:55  Probe  
  58  4:56  Probe, Gateway  
  58  4:59  Gateway  
  60  5:02  Gateway  
  60  5:04  Sentry  
  60  5:05  Sentry  
  64  5:07  Probe  
  64  5:08  Gateway  
  64  5:11  Gateway  
  65  5:15  Probe  
  65  5:19  Probe  
  67  5:23  Probe  
  67  5:27  Probe  
  67  5:28  Templar Archives, Pylon  
  69  5:31  Probe  
  70  5:35  Probe  
  70  5:40  Probe  
  72  5:43  Probe  
  72  5:45  Pylon  
  72  5:48  Probe  
  74  5:52  Probe, Zealot x3  
  74  5:55  Probe  
  82  6:00  Probe  
  82  6:02  Pylon x2  
  82  6:04  Probe  
  84  6:05  High Templar x2  
  84  6:08  Pylon  
  84  6:09  Archon  
  84  6:10  Zealot x3  
  94  6:19  Protoss Ground Armor Level 1 (Chrono Boost)  
  94  6:26  Robotics Facility  
  94  6:35  Assimilator  
  94  6:36  Assimilator  
  94  6:37  Probe  
  94  6:38  Probe  
  94  6:39  Blink  
  96  6:42  Probe  
  96  6:44  Pylon  
  97  6:50  Probe  
  96  6:54  Zealot x5  
  96  6:55  Zealot x3, Pylon  
  112  7:08  Immortal (Chrono Boost), Pylon  
  112  7:09  Pylon  
  112  7:15  High Templar x2  
  120  7:16  High Templar  
  120  7:17  High Templar, Zealot  
  120  7:18  Zealot x3  
  120  7:21  Pylon, Archon x2  
  132  7:22  Pylon  
  132  7:39  Zealot x4  
  140  7:44  Immortal (Chrono Boost)  
  140  7:48  Stalker x2  
  140  7:50  Stalker x2  
  106  8:10  Zealot x4  
  98  8:13  Zealot x4  
  98  8:14  Protoss Ground Armor Level 2 (Chrono Boost)  
  96  8:30  Immortal (Chrono Boost)  
  100  8:35  High Templar x3, Zealot x4  
  100  8:36  High Templar  
  100  8:39  Nexus  
  100  8:40  Archon  
  116  8:41  Pylon, Archon  
  116  8:58  Stalker x4  
  124  9:06  Immortal (Chrono Boost)  
  124  9:09  Stalker x4  
  134  9:28  Zealot x4  
  138  9:36  Zealot  
  138  9:37  Zealot x3  
  150  9:44  Pylon  
  150  9:49  High Templar x2  
  150  9:50  High Templar x2  
  156  9:54  Archon x2  
  156  10:04  Stalker x4  
Show
View Real Time Build Order
Export as new Build Order

Arctur Terran 

Build Orders: Gas First Reaper Expand, Reaper Expand, Bio Tank 

Get SALT Encoding   

  12  0:00  SCV  
  13  0:12  SCV  
  14  0:17  Supply Depot  
  14  0:24  SCV  
  15  0:29  Refinery  
  15  0:39  SCV  
  16  0:45  Barracks  
  16  0:51  SCV  
  17  1:03  SCV  
  18  1:15  SCV  
  19  1:33  Orbital Command, Reaper  
  20  1:45  Command Center  
  20  1:58  Factory  
  20  2:02  SCV  
  20  2:06  Barracks Reactor  
  21  2:11  Refinery  
  21  2:14  SCV  
  22  2:18  Supply Depot  
  22  2:26  SCV  
  23  2:39  SCV  
  23  2:42  Widow Mine, Marine x2  
  28  2:46  Starport  
  28  2:51  SCV  
  28  2:57  Orbital Command  
  29  3:03  SCV  
  29  3:04  Widow Mine  
  32  3:06  Marine  
  32  3:09  Marine  
  34  3:16  SCV  
  35  3:23  SCV  
  35  3:24  Marine  
  35  3:26  Widow Mine  
  39  3:27  Marine  
  39  3:31  Viking  
  42  3:35  SCV  
  42  3:36  SCV  
  42  3:40  Supply Depot  
  44  3:47  SCV  
  44  3:48  SCV  
  46  3:49  Factory Tech Lab  
  46  3:53  Barracks Tech Lab  
  46  4:02  SCV x2, Barracks  
  48  4:04  Barracks  
  48  4:10  Siege Tank  
  48  4:13  Supply Depot  
  48  4:14  SCV  
  52  4:17  Stimpack  
  52  4:20  SCV  
  53  4:25  Engineering Bay  
  53  4:26  SCV  
  53  4:28  Starport Reactor  
  54  4:32  Supply Depot  
  54  4:35  SCV, Marine  
  56  4:44  SCV  
  54  4:47  SCV  
  54  4:55  Marine  
  54  4:56  SCV, Marine x2, Siege Tank  
  54  4:59  SCV  
  62  5:01  Terran Infantry Weapons Level 1  
  62  5:09  SCV, Refinery  
  62  5:11  SCV, Refinery, Starport Reactor  
  64  5:14  Supply Depot  
  64  5:21  SCV  
  65  5:22  Marine x2  
  65  5:23  SCV, Marine x2  
  70  5:35  Marine, Siege Tank  
  70  5:36  Supply Depot  
  70  5:39  SCV  
  70  5:40  Supply Depot  
  70  5:42  SCV, Marine  
  77  5:44  Marine  
  77  5:45  Marine  
  77  5:47  Marine  
  80  5:52  SCV  
  80  5:54  SCV, Medivac  
  84  5:57  Medivac  
  84  6:02  Supply Depot  
  86  6:08  Siege Tank  
  86  6:10  Marine x3  
  92  6:12  Liberator, Marine  
  92  6:13  Marine  
  94  6:20  Liberator  
  94  6:26  Barracks  
  94  6:28  Barracks  
  97  6:38  Marine x3  
  103  6:40  Marine  
  103  6:43  Combat Shields  
  104  6:51  Siege Tank  
  107  6:54  Supply Depot  
  107  6:56  Terran Infantry Armor Level 1  
  107  7:03  Missile Turret  
  107  7:04  Missile Turret  
  107  7:06  Liberator  
  107  7:13  Marine x2  
  107  7:14  Marine  
  110  7:15  Marine  
  110  7:16  Barracks Tech Lab, Barracks Reactor  
  110  7:17  Liberator  
  114  7:36  Marine  
  118  7:49  Supply Depot  
  118  7:50  Marine x3, Siege Tank  
  124  7:56  Bunker  
  124  7:58  Liberator  
  120  8:04  Marine x5  
  103  8:09  Marine x2  
  95  8:22  Siege Tank  
  95  8:23  Marine  
  97  8:38  Marine x4  
  97  8:39  Marine x3  
  94  8:50  Liberator  
  94  8:53  Marine  
  92  8:56  Liberator, Marine x4  
  92  8:57  Marine x2  
  101  9:02  Siege Tank  
  107  9:18  Marauder  
  101  9:25  Marine  
  101  9:26  Marine x2, Marauder  
  103  9:35  Siege Tank  
Tags
 
Add a new tag
Caveats
  • Supply blocks, unpowered buildings, or Contaminate may cause inaccurate times.
  • Supply counts are checked every 10 seconds.